 Dungeon Crawl Stone Soup version 0.29.1-1-gd02db6906a (webtiles) character file.

Game seed: 5491391843259900871

453 Armakuni the Trooper (level 7, 53/53 HPs)
             Began as a Human Wanderer on Sept 11, 2022.
             Quit the game in the Ecumenical Temple on Sept 16, 2022.
             The game lasted 00:12:03 (4403 turns).

Armakuni the Trooper (Human Wanderer)               Turns: 4403, Time: 00:12:03

Health: 53/53      AC:  5    Str: 11    XL:     7   Next: 26%
Magic:  11/11      EV: 11    Int: 14    God:
Gold:   186        SH:  5    Dex: 14    Spells: 8/12 levels left

rFire   . . .      SeeInvis +   a - +0 whip (spect)
rCold   . . .      Faith    .   (no shield)
rNeg    . . .      Spirit   .   q - +0 robe
rPois   .          Reflect  +   (no helmet)
rElec   .          Harm     .   i - +1 cloak
rCorr   .          Rampage  .   p - +0 pair of gloves
Will    +....                   (no boots)
Stlth   ++........              H - amulet of reflection
HPRegen 0.17/turn               I - ring of see invisible
MPRegen 0.12/turn               W - ring of willpower

@: no status effects
A: no striking features
a: no special abilities


You were in the Ecumenical Temple.
You visited 2 branches of the dungeon, and saw 7 of its levels.

You collected 186 gold pieces.

Inventory:

Hand Weapons
 a - a +0 spectral whip (weapon)
 b - a +1 dagger of venom
Armour
 c - a +0 leather armour of fire resistance
 i - a +1 cloak (worn)
 j - a +0 buckler
 p - a +0 pair of gloves (worn)
 q - a +0 robe (worn)
Jewellery
 H - an amulet of reflection (around neck)
 I - a ring of see invisible (left hand)
 W - a ring of willpower (right hand)
Scrolls
 g - a scroll of vulnerability
 h - 3 scrolls of blinking
 n - a scroll of fear
 o - a scroll of teleportation
Potions
 d - a potion of mutation {unknown}
 e - a potion of might {unknown}
 f - 2 potions of curing
 k - 2 potions of lignification
 l - a potion of cancellation {unknown}
 m - 2 potions of heal wounds {unknown}


   Skills:
 - Level 3.7 Fighting
 - Level 1.0 Dodging
 - Level 1.0 Stealth
 + Level 3.2 Spellcasting
 + Level 3.2 Conjurations
 - Level 1.0 Necromancy
 - Level 2.0 Transmutations
 + Level 3.2 Fire Magic
 - Level 2.0 Ice Magic
 - Level 1.0 Evocations


You had 8 spell levels left.
You knew the following spells:

 Your Spells              Type           Power      Damage    Failure   Level
s - Sticky Flame          Conj/Fire      11%        2d3       50%         4

Your spell library contained the following spells:

 Spells                   Type           Power      Damage    Failure   Level
 Freeze                   Ice            28%        1d5       10%         1
 Necrotise                Necr           20%        1d5       14%         1
 Wereblood                Tmut           7%         N/A       14%         2
 Static Discharge         Conj/Air       6%         3-4/arc   16%         2
 Passwall                 Tmut/Erth      4%         N/A       22%         2
 Ozocubu's Armour         Ice            7%         N/A       28%         3
 Vampiric Draining        Necr           5%         2d6       38%         3
 Ice Form                 Ice/Tmut       7%         N/A       67%         4
 Dispel Undead            Necr           5%         3d7       80%         4
 Agony                    Necr           5%         N/A       98%         5
 Malign Gateway           Summ/Tloc      1%         N/A       100%        7
 Summon Horrible Things   Summ           1%         N/A       100%        8


Dungeon Overview and Level Annotations

Branches:
Dungeon (6/15)             Temple (1/1) D:5

Altars:
Cheibriados
Elyvilon
Fedhas
Gozag
Hepliaklqana
Kikubaaqudgha
Makhleb
Qazlal
Ru
Trog
Yredelemnul
Zin
The Shining One

Annotations:
D:4 Pikel


Message History

Found a glowing silver altar of Zin.
Found a basalt altar of Yredelemnul.
Found a bloodstained altar of Trog.
There is a bloodstained altar of Trog here.
Found a white marble altar of Elyvilon.
Found a hazy altar of Hepliaklqana and a stormy altar of Qazlal.
You enter the shallow water.
Moving in this stuff is going to be slow.
Found an opulent altar of Gozag.
There is an opulent altar of Gozag here.
There is an opulent altar of Gozag here.
Found a blossoming altar of Fedhas.
You enter the shallow water.
Moving in this stuff is going to be slow.
Found a glowing golden altar of the Shining One.
Found a burning altar of Makhleb.
You enter the shallow water.
Moving in this stuff is going to be slow.
You enter the shallow water.
Moving in this stuff is going to be slow.
You enter the shallow water.
Moving in this stuff is going to be slow.
You enter the shallow water.
Moving in this stuff is going to be slow.
There is a blossoming altar of Fedhas here.
You enter the shallow water.
Moving in this stuff is going to be slow.
You enter the shallow water.
Moving in this stuff is going to be slow.
You enter the shallow water.
Moving in this stuff is going to be slow.
You enter the shallow water.
Moving in this stuff is going to be slow.
Partly explored, can't reach some places.
Partly explored, can't reach some places.
Char dumped successfully.
Saving game... please wait.
Welcome back, Armakuni the Human Wanderer.
Press ? for a list of commands and other information.
Are you sure you want to abandon this character and quit the game? (Confirm with "yes".)

♣.#...# ≈≈♣♣ ♣♣.#._.# ♣≈≈♣
♣..#...♣♣♣♣♣ ♣♣≈≈♣ ♣♣♣♣
♣♣♣..#..♣..♣♣ ♣♣≈≈♣ ♣..#
♣♣........♣♣♣~≈≈♣♣ ♣...
♣♣♣.........♣~≈≈~♣♣♣ ♣♣#._
♣♣......_.....~≈≈~..♣♣♣....
♣♣.........#..~≈≈~.....♣....
♣♣♣..........@.~≈≈....#.......
♣...##.......♣~≈≈~#._.........
♣♣..#.........~≈~.............
♣...._.......~≈≈~♣....♣....._
♣♣............~≈≈♣♣..........
♣♣♣♣......♣..♣♣≈♣♣♣.........
♣♣♣♣♣...♣♣♣♣≈≈♣♣♣..♣.....
♣♣..♣ ♣♣≈♣ ♣♣♣...##.
♣♣♣♣♣..♣♣♣♣ ≈≈♣♣ ♣....#.


There were no monsters in sight!

Vanquished Creatures
  Eustachio (D:4)
  A black bear (D:6)
  A necrophage (D:3)
  A hound (D:4)
  An orc wizard (D:3)
  An iguana (D:6)
  An adder (D:2)
  2 dart slugs
  5 orcs
  3 ball pythons
  3 bats
  8 endoplasms
  4 giant cockroaches
  6 goblins
  5 hobgoblins
  5 quokkas
  6 frilled lizards
  2 kobolds
  7 rats
63 creatures vanquished.

Notes
Turn   | Place    | Note
-------+----------+-------------------------------------------
     0 | D:1      | Armakuni the Human Wanderer began the quest for the Orb.
     0 | D:1      | Armakuni set off with the following items: a +0 dagger, a
                  | scroll of teleportation, a +0 robe, a +0 cloak; and the
                  | following spell memorised: Freeze; and the following spells
                  | available to memorise: Wereblood, Passwall, Ozocubu's
                  | Armour, Ice Form.
     0 | D:1      | Reached XP level 1. HP: 16/16 MP: 2/2
   187 | D:1      | Reached XP level 2. HP: 23/23 MP: 0/3
   831 | D:2      | Reached XP level 3. HP: 28/29 MP: 4/4
  1455 | D:2      | Learned a level 3 spell: Vampiric Draining
  1984 | D:3      | Reached skill level 1 in Necromancy
  1984 | D:3      | Reached XP level 4. HP: 25/37 MP: 5/5
  1995 | D:3      | Learned a level 4 spell: Sticky Flame
  2489 | D:4      | Noticed Pikel
  2489 | D:4      | Noticed a lemure
  2489 | D:4      | Noticed a lemure
  2490 | D:4      | Noticed a lemure
  2510 | D:4      | Noticed a necrophage
  2704 | D:3      | Reached skill level 1 in Conjurations
  2704 | D:3      | Reached skill level 1 in Fire Magic
  3004 | D:3      | Killed a necrophage
  3005 | D:3      | Reached XP level 5. HP: 17/42 MP: 6/8
  3223 | D:4      | Noticed Eustachio
  3246 | D:4      | HP: 1/42 [shadow imp[Eustachio] (3)]
  3246 | D:4      | Killed Eustachio
  3247 | D:4      | Reached XP level 6. HP: 1/48 MP: 8/10
  3898 | D:4      | You fall into a shaft and drop 2 floors!
  3938 | D:6      | Noticed a black bear
  3964 | D:6      | Killed a black bear
  3965 | D:6      | Reached XP level 7. HP: 49/53 MP: 11/11
  4097 | D:5      | Entered Level 5 of the Dungeon
  4153 | D:5      | Found a staircase to the Ecumenical Temple.
  4163 | Temple   | Entered the Ecumenical Temple
  4403 | Temple   | Upgraded the game from 0.29.0-15-g675c0067aa to
                  | 0.29.1-1-gd02db6906a
  4403 | Temple   | Quit the game

Illustrated notes

Levels and vault maps discovered:
D:1:      nzn_arrival_water_spiral, layout_rooms
D:2:      minmay_spotlight, layout_rooms
D:3:      layout_rooms, hangedman_abyss_or_decor_stabs
D:4:      layout_gridville, uniq_edmund, uniq_pikel, uniq_eustachio,
          uniq_menkaure
D:5:      kennysheep_six_static_rooms, layout_basic, lemuel_blue_sif_altar,
          mainiacjoe_overflow_paths, fiery_altar_vehumet,
          minmay_temple_entry_slanted, serial_park_tiny_2
D:6:      layout_cave_pools, hex_tiny, item_on_display_a
Temple:   oiseaux_autumnal_temple

Skill      XL: |  1  2  3  4  5  6 |
---------------+-------------------+-----
Fighting       | 3 |  3.7
Necromancy     | 1 |  1.0
Conjurations   | 1 2 3 |  3.2
Fire Magic     | 1 2 3 |  3.2
Spellcasting   | 2 3 |  3.2
Dodging        | |  1.0
Stealth        | |  1.0
Transmutations | |  2.0
Ice Magic      | |  2.0
Evocations     | |  1.0

Action                   |  1- 3 |  4- 6 |  7- 9 || total
-------------------------+-------+-------+-------++-------
Melee: Club              |    30 |       |       ||    30
       War axe           |    62 |       |       ||    62
       Punch             |     1 |     1 |       ||     2
       Whip              |    21 |    35 |     3 ||    59
       Dagger            |       |    49 |     6 ||    55
 Cast: Freeze            |     9 |       |       ||     9
  Use: Scroll            |     5 |     3 |       ||     8
       Potion            |     1 |       |       ||     1
 Stab: Sleeping          |     6 |     2 |       ||     8
       Distracted        |       |     1 |       ||     1
Armor: Robe              |    40 |    23 |     1 ||    64
       Skin              |     5 |       |       ||     5
Dodge: Dodged            |    61 |    46 |     2 ||   109
Block: Other             |    18 |    21 |     1 ||    40
       Reflection        |     1 |       |       ||     1
